 Dungeon Crawl Stone Soup version 0.28-a0-556-gab23d0e057 (webtiles) character file.

Game seed: 11659793813668138972

3903 miscthings the Firebug (level 10, 0/91 HPs)
             Began as a Naga Cinder Acolyte on Sept 29, 2021.
             Was a Priest of Ignis.
             Slain by an orc warrior (8 damage)
             ... on level 7 of the Dungeon.
             The game lasted 00:14:32 (6965 turns).

miscthings the Firebug (Naga Cinder Acolyte)        Turns: 6965, Time: 00:14:32

Health: 0/91       AC:  6    Str: 17    XL:     10   Next: 20%
Magic:  12/24      EV: 10    Int: 16    God:    Ignis [***...]
Gold:   395        SH:  4    Dex:  8    Spells: 14/16 levels left

rFire   + + .      SeeInvis +   D - +3 flail (drain)
rCold   x . .      Faith    .   p - +0 buckler
rNeg    . . .      Spirit   .   i - +0 leather armour
rPois   +          Reflect  .   (no helmet)
rElec   .          Harm     .   (no cloak)
rCorr   .          Rampage  .   m - +0 pair of gloves
Will    +....                   (no barding)
Stlth   +.........              (no amulet)
HPRegen 0.25/turn               q - ring of magical power
MPRegen 0.19/turn               w - ring of fire

@: very slow
A: AC +3, large, see invisible, deformed body, poison resistance, slowness 2,
spit poison 1, naga tail 1
a: Spit Poison, Renounce Religion, Sea of Fire, Foxfire Swarm, Rising Flame


You were on level 7 of the Dungeon.
You worshipped Ignis.
Ignis was most pleased with you.
You visited 2 branches of the dungeon, and saw 8 of its levels.

You collected 395 gold pieces.

Inventory:

Hand Weapons
 D - a +3 flail of draining (weapon)
Missiles
 x - 3 datura-tipped darts
Armour
 b - a +0 robe
 i - a +0 leather armour (worn)
 m - a +0 pair of gloves (worn)
 p - a +0 buckler (worn)
 y - a +2 kite shield
Jewellery
 q - a ring of magical power (left hand)
 w - a ring of fire (right hand)
Wands
 s - a wand of flame (3)
 z - a wand of iceblast (7)
Scrolls
 e - a scroll of immolation
 h - a scroll of magic mapping {unknown}
 l - a scroll of torment {unknown}
 o - a scroll of enchant armour {unknown}
 r - a scroll of teleportation
 u - a scroll of enchant weapon
 A - a scroll of silence {unknown}
Potions
 c - a potion of heal wounds
 g - 3 potions of curing
 j - a potion of brilliance
 k - 3 potions of mutation
 n - a potion of berserk rage {unknown}
 t - 2 potions of flight
 v - a potion of lignification
 B - a potion of ambrosia


   Skills:
 + Level 5.9 Fighting
 + Level 6.0 Maces & Flails
 + Level 3.9 Armour
 + Level 3.8 Dodging
 + Level 3.9 Shields
 - Level 3.8 Spellcasting
 - Level 6.8 Fire Magic
 + Level 4.6 Evocations


You had 14 spell levels left.
You knew the following spells:

 Your Spells              Type           Power      Damage    Failure   Level
a - Scorch                Fire           74%        2d8       1%          2

Your spell library contained the following spells:

 Spells                   Type           Power      Damage    Failure   Level
 Summon Small Mammal      Summ           12%        N/A       21%         1
 Blink                    Tloc           N/A        N/A       30%         2
 Call Canine Familiar     Summ           3%         N/A       52%         3
 Summon Guardian Golem    Hex/Summ       3%         N/A       52%         3
 Manifold Assault         Tloc           3%         N/A       99%         5
 Storm Form               Tmut/Air       1%         N/A       100%        7


Dungeon Overview and Level Annotations

Branches:
Dungeon (7/15)             Temple (1/1) D:6

Altars:
Ashenzari
Cheibriados
Elyvilon
Fedhas
Gozag
Kikubaaqudgha
Nemelex Xobeh
Okawaru
Qazlal
Ru
Sif Muna
Vehumet
Wu Jian
Xom
Zin
The Shining One


Innate Abilities, Weirdness & Mutations

Your serpentine skin is tough. (AC +3)
You have supernaturally acute eyesight. (SInv)
Armour fits poorly on your strangely shaped body.
Your system is resistant to poisons. (rPois)
You cover ground very slowly.
You can spit poison.
You have a snake-like lower body.


Message History

The orc priest is burned terribly!
The orc priest is almost dead.
An orc wizard comes into view. It is wielding a +0 dagger.
Casting: Scorch (safe; 1% risk of failure)
Confirm with . or Enter, or press ? or * to list all spells.
You feel a surge of power!
Flames lash the orc priest.
The orc priest is burned terribly!
You kill the orc priest!
The orc wizard shouts!
Your life force feels restored.
Casting: Scorch (safe; 1% risk of failure)
Confirm with . or Enter, or press ? or * to list all spells.
You feel a surge of power!
Flames lash the orc warrior but do no damage.
Casting: Scorch (safe; 1% risk of failure)
Confirm with . or Enter, or press ? or * to list all spells.
You feel a surge of power!
Flames lash the orc warrior.
The orc warrior is moderately wounded.
The orc warrior's fire resistance burns away.
You block the orc warrior's attack.
Casting: Scorch (safe; 1% risk of failure)
Confirm with . or Enter, or press ? or * to list all spells.
You feel a surge of power!
Flames lash the orc warrior but do no damage.
The orc warrior hits you with a +0 dire flail!!
Casting: Scorch (safe; 1% risk of failure)
Confirm with . or Enter, or press ? or * to list all spells.
You feel a surge of power!
Flames lash the orc warrior.
The orc warrior is moderately wounded.
The orc warrior barely misses you.
The orc warrior is no longer more vulnerable to fire.
The orc warrior hits you with a +0 dire flail!!
* * * LOW HITPOINT WARNING * * *
The orc warrior hits you with a +0 dire flail!
* * * LOW HITPOINT WARNING * * *
The orc wizard barely misses you.
You hear the quick hiss of an avalanche of sand nearby.
Flames leap up around you!
The orc warrior hits you with a +0 dire flail!
You die...

≈. ##...#..†.....##
#'####≈.!.#.†.†....#
≈.§§≈≈≈...#..†..)..#
..........#..).....#
#........#........#
#........#...)....#
#.vv# #..##...####
#.##.oo###..####'#..#
......vv@vv.)..)....#
......vvvvv.........#
......vvvvv.........#
....................#
....................#
..(.................#
#..##...##...##.##..#
## #### #...##.##..#
..... .. ..


You could see an orc warrior (ally target) and an orc wizard (ally target).

Vanquished Creatures
  Pikel (D:5)
  A manticore (D:6)
  Sigmund (D:2)
  A shadow (D:6)
  Eustachio (D:6)
  A yak (D:6)
  A water moccasin (D:6)
  3 sky beasts
  An orc warrior (D:5)
  A black bear (D:7)
  4 lemures (D:5)
  4 bullfrogs
  A scorpion (D:7)
  A wyvern skeleton (D:7)
  3 water moccasin skeletons
  6 killer bees (D:7)
  9 wights
  4 howler monkeys
  A bullfrog zombie (D:6)
  A hound (D:5)
  3 jellies
  3 orc priests
  A centaur skeleton (D:7)
  2 orc wizards
  Ijyb (D:3)
  An iguana (D:6)
  Terence (D:2)
  A killer bee zombie (D:7)
  A hound skeleton (D:5)
  A howler monkey zombie (D:5)
  8 adders
  A shadow imp (D:6)
  2 white imps
  An ufetubus (D:6)
  A dart slug (D:1)
  2 worms
  11 orcs
  7 endoplasms
  4 giant cockroaches
  4 goblins
  6 hobgoblins
  3 jackals (D:2)
  4 quokkas
  6 ball pythons
  6 bats
  4 frilled lizards
  5 kobolds (D:3)
  5 rats
141 creatures vanquished.

Vanquished Creatures (others)
  An orc wizard (D:5)
  62 foxfires
63 creatures vanquished.

Grand Total: 204 creatures vanquished

Notes
Turn   | Place    | Note
-------+----------+-------------------------------------------
     0 | D:1      | miscthings the Naga Cinder Acolyte began the quest for the
                  | Orb.
     0 | D:1      | Reached XP level 1. HP: 21/21 MP: 2/2
   119 | D:1      | Found a faded altar of an unknown god.
   124 | D:1      | Reached XP level 2. HP: 26/28 MP: 3/3
   200 | D:1      | Learned a level 2 spell: Scorch
   853 | D:2      | Reached XP level 3. HP: 30/34 MP: 5/5
   998 | D:2      | Noticed Sigmund
  1006 | D:2      | Killed Sigmund
  1007 | D:2      | Reached skill level 5 in Fire Magic
  1007 | D:2      | Reached XP level 4. HP: 42/42 MP: 7/7
  1007 | D:2      | Reached XP level 5. HP: 49/49 MP: 8/8
  1120 | D:2      | Noticed Terence
  1123 | D:2      | Killed Terence
  1308 | D:3      | Reached XP level 6. HP: 56/56 MP: 4/9
  1407 | D:3      | Found a sacrificial altar of Ru.
  1776 | D:3      | Found a glowing silver altar of Zin.
  1863 | D:3      | Noticed Ijyb
  1869 | D:3      | Killed Ijyb
  2217 | D:3      | Found a blossoming altar of Fedhas.
  2738 | D:5      | Entered Level 5 of the Dungeon
  3409 | D:5      | Noticed a sky beast
  3414 | D:5      | Killed a sky beast
  3415 | D:5      | Reached XP level 7. HP: 62/62 MP: 12/12
  3930 | D:5      | Noticed Pikel
  3954 | D:5      | Killed Pikel
  3955 | D:5      | Reached skill level 1 in Armour
  3955 | D:5      | Reached skill level 1 in Dodging
  3955 | D:5      | Reached skill level 1 in Shields
  3955 | D:5      | Reached XP level 8. HP: 41/72 MP: 3/13
  4249 | D:5      | Found an ornate altar of the Wu Jian Council.
  4394 | D:5      | Found a shimmering blue altar of Sif Muna.
  4394 | D:5      | Found an opulent altar of Gozag.
  4780 | D:6      | Found a staircase to the Ecumenical Temple.
  4850 | Temple   | Entered the Ecumenical Temple
  5069 | D:6      | Noticed Eustachio
  5075 | D:6      | Killed Eustachio
  5505 | D:6      | Reached XP level 9. HP: 65/79 MP: 14/14
  5726 | D:6      | Reached skill level 5 in Fighting
  5730 | D:6      | Reached skill level 5 in Maces & Flails
  5935 | D:6      | Noticed a manticore
  5946 | D:6      | HP: 2/81 [manticore (9)]
  5947 | D:6      | Killed a manticore
  6651 | D:7      | Reached XP level 10. HP: 18/91 MP: 2/15
  6786 | D:7      | Found a glowing golden altar of the Shining One.
  6844 | D:7      | HP: 3/91 [killer bee (4)]
  6965 | D:7      | Slain by an orc warrior

Illustrated notes

Levels and vault maps discovered:
D:1:      dpeg_arrival_leaves_temple_mockup, layout_loops_ring,
          hellmonk_ecumenical_altar_blasted, minmay_misc_feat_enclosed
D:2:      layout_rooms, uniq_sigmund, uniq_terence
D:3:      layout_loops_ring, mainiacjoe_overflow_surrounded_room,
          nicolae_ru_great_annihilating_truth, mainiacjoe_overflow_brackets,
          uniq_ijyb
D:4:      layout_cave_pools
D:5:      layout_basic, nzn_wu_jian_contemplation,
          gammafunk_temple_overflow_statue, uniq_pikel
D:6:      kennysheep_windowed_halls, layout_cave_pods,
          minmay_temple_entry_stoned_glass, uniq_eustachio
D:7:      layout_gridville, lightli_temple_of_fire, general_overflow_altar,
          nicolae_ossuary_entry_monument
Temple:   nicolae_temple_figure_zero

Skill      XL: |  1  2  3  4  5  6  7  8  9 10 |
---------------+-------------------------------+-----
Spellcasting   | 2 3 |  3.8
Fire Magic     | 5 6 |  6.8
Fighting       | 4 5 |  5.9
Maces & Flails | 4 5 6 |  6.0
Armour         | 1 2 3 |  3.9
Dodging        | 1 2 3 |  3.8
Shields        | 1 2 3 |  3.9
Evocations     | 2 4 |  4.6

Action                   |  1- 3 |  4- 6 |  7- 9 | 10-12 || total
-------------------------+-------+-------+-------+-------++-------
Melee: Mace              |    43 |     7 |    49 |       ||    99
       Flail             |       |       |    16 |    19 ||    35
 Cast: Scorch            |     5 |    60 |   128 |    29 ||   222
Invok: Foxfire Swarm     |     1 |       |     1 |     3 ||     5
 Abil: Spit Poison       |    14 |     4 |    17 |     1 ||    36
Evoke: Wand              |       |       |     1 |     1 ||     2
  Use: Scroll            |       |     5 |     2 |     4 ||    11
       Potion            |       |       |       |     5 ||     5
Armor: Robe              |     7 |       |       |       ||     7
       Leather armour    |     5 |     3 |    43 |    19 ||    70
Dodge: Dodged            |    36 |    13 |    64 |    55 ||   168
Block: Buckler           |       |     1 |    29 |    19 ||    49

Table legend: (Time is in decaauts)
 A = Elapsed time spent in this place.
 B = Non-inter-level travel time spent in this place.
 C = Inter-level travel time spent in this place.
 D = Time resting spent in this place.
 E = Time spent auto-exploring this place.
 F = Levels seen in this place.
 G = Mean time per level.
                   A        B        C        D        E       F      G
               +--------+--------+--------+--------+--------+-----+--------+
         Total |   8852 |   8453 |    399 |   1706 |   5193 |   8 | 1106.5 |
       Dungeon |   8692 |   8302 |    390 |   1706 |   5042 |   7 | 1241.7 |
        Temple |    160 |    152 |      8 |      0 |    150 |   1 |  160.0 |
               +--------+--------+--------+--------+--------+-----+--------+

Top non-repeatable levels by time:
     D:5: 2442 daAuts
     D:6: 2131 daAuts
     D:3: 1256 daAuts
     D:1: 1127 daAuts
     D:2: 646 daAuts
     D:4: 632 daAuts
     D:7: 456 daAuts
  Temple: 160 daAuts
